 Dungeon Sprint DCSS version 0.30-a0-870-gc5d4c5acee (webtiles) character file.

Game seed: 9189874839713224991

6 rocky1 the Grave Robber (level 1, -3/13 HPs)
             Began as a Mummy Necromancer on Mar 12, 2023.
             Slain by a black bear (4 damage)
             ... in the Dungeon (Sprint IX: "|||||||||||||||||||||||||||||").
             The game lasted 00:00:23 (357 turns).

rocky1 the Grave Robber (Mummy Necromancer)          Turns: 357, Time: 00:00:23

Health: -3/13      AC:  2    Str: 11    XL:     1   Next: 75%
Magic:  2/4        EV: 12    Int: 14    God:
Gold:   0          SH:  0    Dex: 12    Spells: 5/6 levels left

rFire   x . .      SeeInvis .    (no weapon)
rCold   + . .      Faith    +    (no shield)
rNeg    + + +      Spirit   .    a - +0 robe
rPois   ∞          Reflect  .    (no helmet)
rElec   .          Rampage  .    (no cloak)
rCorr   .          NoTele   +    (no gloves)
Will    .....                    (no boots)
Stlth   ++                       (no amulet)
HPRegen 0.22/turn                (no ring)
MPRegen 0.09/turn                (no ring)

@: no status effects
A: cold resistance 1, negative energy resistance 3, torment resistance 2, heat
vulnerability 1, no potions, faith
a: no special abilities


You were in the Dungeon.
You visited 1 branch

Inventory:

Armour
 a - a +0 robe (worn)
Scrolls
 b - a scroll of blinking


   Skills:
 + Level 1.7 Dodging
 + Level 1.7 Stealth
 + Level 3.0 Spellcasting
 + Level 5.1 Necromancy


You had 5 spell levels left.
You knew the following spells:

 Your Spells              Type           Power      Damage    Failure   Level
a - Necrotise             Necr           64%        1d7       2%          1

Your spell library contained the following spells:

 Spells                   Type           Power      Damage    Failure   Level
 Vampiric Draining        Necr           16%        2d7       8%          3
 Animate Dead             Necr           16%        N/A       26%         4
 Agony                    Necr           16%        N/A       58%         5


Dungeon Overview and Level Annotations

Branches:
Dungeon (1/1)

Altars:


Innate Abilities, Weirdness & Mutations

You are immune to poison.
Your flesh is cold resistant. (rC+)
You are immune to negative energy. (rN+++)
You are immune to unholy pain and torment.
You are vulnerable to heat. (rF-)
You do not drink.
You have a special connection with the divine. (Faith)


Message History

Press: ? - help, Q - select action Shift-Dir - straight line, f - quokka
Aim: a quokka (chance to affect: 86%)
The quokka writhes in agony.
You kill the quokka!
The dead are hopping!
You start resting.
Your quokka skeleton crumbles into dust!
Magic restored.
You start waiting.
Done waiting.
You start waiting.
Done waiting.
You start waiting.
Done waiting.
There is an open door to the Dungeon here.
Things that are here:
a +0 dagger; a stone
Things that are here:
a +0 dagger; a stone You open the door.
An orc, a scorpion, an ufetubus, a jelly and a black bear come into view.
The ufetubus shouts!
The jelly quivers.
Aiming: Necrotise (safe; 2% risk of failure)
Press: ? - help, Q - select action Shift-Dir - straight line, f - black bear
Aim: a black bear (chance to affect: 73%)
The black bear writhes in agony.
The orc shouts!
The black bear closely misses you. The black bear claws you.
The black bear closely misses you.
Aiming: Necrotise (safe; 2% risk of failure)
Press: ? - help, Q - select action Shift-Dir - straight line, f/p - black bear
Aim: a black bear (lightly wounded, chance to affect: 73%)
The black bear writhes in agony!
The black bear bites you!
Ouch! That really hurt!
The black bear claws you.
* * * LOW HITPOINT WARNING * * *
The black bear claws you.
You die...

▓+▓
▓o▓
▓.▓
▓s▓
▓5▓
▓J▓
▓h▓
▓@▓
▓.▓
▓.▓
▓)▓
▓)▓
▓'▓
▓.▓
▓.▓
▓.▓


You could see a black bear, a scorpion, a jelly, an orc and an ufetubus.

Vanquished Creatures
  A ball python (D)
  A hobgoblin (D)
  A kobold (D)
  A quokka (D)
4 creatures vanquished.

Vanquished Creatures (collateral kills)
  A kobold (D)
1 creature vanquished.

Grand Total: 5 creatures vanquished

Notes
Turn   | Place    | Note
-------+----------+-------------------------------------------
     0 | D        | rocky1 the Mummy Necromancer began the quest for the Orb.
     0 | D        | Reached XP level 1. HP: 13/13 MP: 4/4
    13 | D        | Reached skill level 5 in Necromancy
   355 | D        | Noticed a scorpion
   355 | D        | Noticed a jelly
   355 | D        | Noticed a black bear
   357 | D        | Slain by a black bear

Illustrated notes

Levels and vault maps discovered:
D:        linesprint [early_d, line_temple, items_1, d_10, items_2, lair_1,
          lair_end, items_3, orc_1, orc_end, items_4, d_15, swamp_1, shoals_1,
          snake_1, spider_1, d_20, vaults_1, items_5, swamp_end, shoals_end,
          snake_end, spider_end, vaults_end, d_27, items_6, zot_1, zot_end,
          crypt_end, forest_end, elf_end, slime_end, tomb_end, abyss_end,
          pan_hell_end]

Skill      XL: |  1 |
---------------+----+-----
Spellcasting   | 3 |  3.0
Necromancy     | 5 |  5.1
Dodging        | |  1.7
Stealth        | |  1.7

Action                     || total
---------------------------++-------
   Cast: Necrotise         ||     6
  Dodge: Dodged            ||     2

Table legend: (Time is in decaauts)
 A = Elapsed time spent in this place.
 B = Non-inter-level travel time spent in this place.
 C = Inter-level travel time spent in this place.
 D = Time resting spent in this place.
 E = Time spent auto-exploring this place.
 F = Levels seen in this place.
 G = Mean time per level.
                   A        B        C        D        E       F      G
               +--------+--------+--------+--------+--------+-----+--------+
         Total |    357 |    357 |      0 |    332 |      0 |   1 |  357.0 |
       Dungeon |    357 |    357 |      0 |    332 |      0 |   1 |  357.0 |
               +--------+--------+--------+--------+--------+-----+--------+

Top non-repeatable levels by time:
       D: 357 daAuts
